 Dungeon Crawl Stone Soup version 0.27-a0-1332-g84bddb5ca7 (webtiles) character file.

Game seed: 6165714482248800022

212122 raph the Warrior (level 18, -12/168 HPs)
             Began as a Minotaur Fighter on June 25, 2021.
             Was the Champion of Okawaru.
             Mangled by a nagaraja (21 damage)
             ... on level 4 of the Snake Pit.
             The game lasted 01:12:26 (39087 turns).

raph the Warrior (Minotaur Fighter)                Turns: 39087, Time: 01:12:27

Health: -12/168    AC: 32    Str: 28    XL:     18   Next: 61%
Magic:  18/24      EV: 19    Int:  5    God:    Okawaru [******]
Gold:   1592       SH: 24    Dex: 21    Spells: 20/23 levels left

rFire    + + .     SeeInvis .   a - +4 morningstar (flame)
rCold    . . .     Faith    .   e - +2 kite shield
rNeg     . . .     Spirit   .   I - +5 fire dragon scales "Fetenesa" {rF++ rC- Regen+}
rPois    +         Reflect  +   y - +2 hat of Hairiness {rC+}
rElec    +         Harm     .   W - +2 cloak {rPois}
rCorr    .         Rampage  .   t - +0 pair of gloves of the Beggar {Drain Str+7}
Will     ++...                  T - +2 pair of boots {Stlth+}
Stlth    +++++.....             m - amulet of reflection
HPRegen  1.38/turn              M - ring "Akosokli" {Wiz rElec Stlth+}
MPRegen  0.19/turn              u - ring "Betwoam" {Will+ Dex+3 Stlth+}

@: lethally poisoned (-12 -> -13), heroic, finesse-ful, slowed, constricted,
very slow
A: horns 2, retaliatory headbutt
a: Renounce Religion, Heroism, Finesse


You were on level 4 of the Snake Pit.
You worshipped Okawaru.
Okawaru was exalted by your worship.
You visited 7 branches of the dungeon, and saw 33 of its levels.
You also visited: Gauntlet.

You collected 2766 gold pieces.
You spent 1174 gold pieces at shops.

Inventory:

Hand Weapons
 a - a +4 morningstar of flaming (weapon)
 b - the +8 hunting sling of the Extremes {freeze, Dex+3}
   (Okawaru gifted it to you on level 11 of the Dungeon)

   It causes projectiles fired from it to freeze those they strike, causing
   extra injury to most foes and up to half again as much damage against
   particularly susceptible opponents.
   They can also slow down cold-blooded creatures.
   It affects your dexterity (+3).
 w - the +6 hunting sling of Burnt Exoneration {venom, rElec Will+ Str+3 Int+3}
   (You bought it in a shop on level 5 of the Dungeon)

   It poisons the ammo it fires.
   It affects your strength (+3).
   It affects your intelligence (+3).
   It insulates you from electricity.
   It increases your willpower.
Missiles
 h - 5 boomerangs of dispersal (quivered)
 l - 248 sling bullets
 r - 987 stones
 B - 4 throwing nets
 C - 2 curare-tipped darts
Armour
 e - a +2 kite shield (worn)
 t - the +0 pair of gloves of the Beggar (worn) {Drain Str+7}
   (You found it on level 4 of the Dungeon)

   It affects your strength (+7).
   It drains your maximum health when unequipped.
 y - the +2 hat of Hairiness (worn) {rC+}
   (Okawaru gifted it to you on level 1 of the Orcish Mines)

   It protects you from cold.
 I - the +5 fire dragon scales "Fetenesa" (worn) {rF++ rC- Regen+}
   (You found it in a Gauntlet)

   It greatly protects you from fire.
   It makes you vulnerable to cold.
   It increases your rate of health regeneration.
 T - a +2 pair of boots of stealth (worn)
 W - a +2 cloak of poison resistance (worn)
Jewellery
 i - the ring of Jeryj {rPois EV+4}
   (You found it in a Gauntlet)

   [ring of evasion]

   It affects your evasion (+4).
   It protects you from poison.
 m - an amulet of reflection (around neck)
 u - the ring "Betwoam" (right hand) {Will+ Dex+3 Stlth+}
   (You found it on level 4 of the Dungeon)

   [ring of willpower]

   It affects your dexterity (+3).
   It increases your willpower.
   It makes you more stealthy.
 v - the ring "Wufy" {Ice *Corrode Int+2 Slay+2 SInv}
   (You took it off a boggart on level 15 of the Dungeon)

   [ring of ice]

   It enhances your ice magic.
   It affects your intelligence (+2).
   It affects your accuracy and damage with ranged weapons and melee attacks
   (+2).
   It makes you vulnerable to fire.
   It protects you from cold.
   It lets you see invisible.
   It may corrode you when you take damage.
 M - the ring "Akosokli" (left hand) {Wiz rElec Stlth+}
   (You found it on level 6 of the Lair of Beasts)

   [ring of wizardry]

   It improves your spell success rate.
   It insulates you from electricity.
   It makes you more stealthy.
Wands
 n - a wand of acid (15)
 D - a wand of mindburst (29)
 N - a wand of digging (8)
 Q - a wand of iceblast (32)
 V - a wand of paralysis (8)
Scrolls
 f - a scroll of silence
 j - 10 scrolls of teleportation
 k - 15 scrolls of identify
 x - 2 scrolls of amnesia
 A - 5 scrolls of magic mapping
 L - 2 scrolls of enchant weapon
 R - 3 scrolls of holy word
 S - 2 scrolls of blinking
 Y - 2 scrolls of fear
Potions
 c - 3 potions of haste
 o - 12 potions of heal wounds
 p - 2 potions of invisibility
 q - 5 potions of brilliance
 s - 9 potions of curing
 z - a potion of mutation
 E - a potion of resistance
 F - a potion of berserk rage
 J - 2 potions of might
 K - a potion of flight {unknown}
 P - 3 potions of magic
 Z - 4 potions of ambrosia
Miscellaneous
 d - a condenser vane
 G - a phial of floods
 O - a box of beasts
 U - a lightning rod (4/4)


   Skills:
 + Level 16.6(21.6) Fighting
 - Level 16.0(21.0) Maces & Flails
 - Level 13.1(18.1) Slings
 + Level 15.7(20.7) Armour
 * Level 11.7(16.7) Dodging
 - Level 15.0(20.0) Shields
 - Level 3.1 Spellcasting
 - Level 3.3 Translocations
 - Level 9.8 Invocations
 + Level 6.0 Evocations


You had 20 spell levels left.
You knew the following spells:

 Your Spells              Type           Power      Damage    Failure   Level
a - Apportation           Tloc           8%         N/A       7%          1
b - Blink                 Tloc           N/A        N/A       11%         2

Your spell library contained the following spells:

 Spells                   Type           Power      Damage    Failure   Level
 Gell's Gravitas          Tloc           2%         N/A       21%         3
 Animate Skeleton         Necr           0%         N/A       26%         1
 Beastly Appendage        Tmut           0%         N/A       26%         1
 Corona                   Hex            0%         N/A       26%         1
 Magic Dart               Conj           0%         1d3       26%         1
 Shock                    Conj/Air       0%         1d3       26%         1
 Summon Small Mammal      Summ           0%         N/A       26%         1
 Call Imp                 Summ           0%         N/A       36%         2
 Corpse Rot               Necr/Air       N/A        N/A       36%         2
 Ensorcelled Hibernation  Hex/Ice        0%         N/A       36%         2
 Passwall                 Tmut/Erth      0%         N/A       36%         2
 Poisonous Vapours        Pois/Air       0%         N/A       36%         2
 Searing Ray              Conj           0%         3d3       36%         2
 Slow                     Hex            0%         N/A       36%         2
 Static Discharge         Conj/Air       0%         N/A       36%         2
 Sublimation of Blood     Necr           0%         N/A       36%         2
 Wereblood                Tmut           0%         N/A       36%         2
 Portal Projectile        Hex/Tloc       4%         N/A       36%         3
 Passage of Golubria      Tloc           N/A        N/A       52%         4
 Confusing Touch          Hex            0%         N/A       58%         3
 Conjure Flame            Conj/Fire      0%         6-21      58%         3
 Dazzling Flash           Conj/Hex       0%         N/A       58%         3
 Ignite Poison            Fire/Tmut/Pois 0%         N/A       58%         3
 Mephitic Cloud           Conj/Pois/Air  0%         N/A       58%         3
 Spider Form              Tmut/Pois      0%         N/A       58%         3
 Swiftness                Air            0%         N/A       58%         3
 Tukima's Dance           Hex            0%         N/A       58%         3
 Iskenderun's Mystic Bla  Conj/Tloc      2%         2d3       75%         4
 Manifold Assault         Tloc           4%         N/A       86%         5
 Airstrike                Air            0%         N/A       92%         4
 Dispel Undead            Necr           0%         3d6       92%         4
 Fulminant Prism          Conj/Hex       0%         3d6       92%         4
 Ice Form                 Ice/Tmut       0%         N/A       92%         4
 Summon Lightning Spire   Summ/Air       0%         N/A       92%         4
 Summon Forest            Summ/Tloc      1%         N/A       97%         5
 Agony                    Necr           0%         N/A       99%         5
 Excruciating Wounds      Necr           0%         N/A       99%         5
 Freezing Cloud           Conj/Ice/Air   0%         6-21      99%         5
 Lightning Bolt           Conj/Air       0%         1d11      99%         5
 Dispersal                Tloc           2%         N/A       100%        6
 Statue Form              Tmut/Erth      0%         N/A       100%        6
 Storm Form               Tmut/Air       0%         N/A       100%        7
 Disjunction              Tloc           2%         N/A       100%        8


Dungeon Overview and Level Annotations

Branches:
Dungeon (15/15)            Temple (1/1) D:5            Lair (6/6) D:9
  Swamp (4/4) Lair:2        Snake (4/4) Lair:3        Slime (1/5) Lair:5
    Orc (2/2) D:11            Elf (0/3) Orc:2        Vaults (0/5) D:13
 Depths (0/5) D:15        Gauntlet (visited)

Altars:
Ashenzari
Cheibriados
Dithmenos
Elyvilon
Fedhas
Gozag
Hepliaklqana
Kikubaaqudgha
Makhleb
Nemelex Xobeh
Okawaru
Qazlal
Ru
Sif Muna
Trog
Uskayaw
Vehumet
Wu Jian
Xom
Yredelemnul
Zin
The Shining One
Jiyva

Shops:
D:5 [([   D:7 :   D:9 [((   D:14 (   Orc:2 :?!(   Snake:1 :=:

Annotations:
D:6 exclusion: statue
Lair:2 exclusion: oklob plant
Lair:3 3 runed translucent doors, exclusion: oklob plant, night's ghost, journeyman DrIE
Swamp:4 Bai Suzhen


Innate Abilities, Weirdness & Mutations

You have a pair of horns on your head.
You reflexively headbutt those who attack you in melee.


Message History

The naga spits poison at you.
The splash of poison reflects off an invisible shield around you!
The splash of poison hits the naga but does no damage.
The guardian serpent barely misses you.
The nagaraja hits you with a +0 halberd!
The naga warrior hits you but does no damage.
* * * LOW HITPOINT WARNING * * *
The naga warrior constricts you.
You puncture the nagaraja! You burn the nagaraja.
You headbutt the nagaraja, but do no damage.
The nagaraja is severely wounded.
The salamander closely misses you.
You block the guardian serpent's attack.
You block the naga warrior's attack. The naga misses you.
The guardian serpent completely misses you.
The nagaraja spits poison at you. The splash of poison misses you.
The splash of poison hits the naga.
You closely miss the nagaraja.
The nagaraja is severely wounded.
You block the naga's attack.
You block the guardian serpent's attack.
The naga warrior hits you with a +0 long sword!!!
* * * LOW HITPOINT WARNING * * *
x2 The naga warrior constricts you.
The salamander barely misses you.
The guardian serpent casts a spell at you.
The bolt of poison hits you but does no damage.
You are poisoned.
You resist.
The bolt of poison hits the guardian serpent.
You hear an angry hiss.
Okay, then.
As you read the scroll of fear, it crumbles to dust.
You assume a fearsome visage.
The guardian serpent resists with some effort.
The nagaraja resists with almost no effort.
The guardian serpent looks frightened!
The salamander looks frightened!
The naga warrior looks frightened! x2; The naga resists with some effort. x2
You feel very sick.
The nagaraja hits you with a +0 halberd!!
You die...

########
......##
......#
#######.....##.
......NSN......
......N@N......
......NSN......
........######+
........#
.....##.# ....#
#.# .... #..
... ...


You could see 2 naga warriors, a nagaraja (fast, strong), a salamander (strong,
fleeing, poisoned), 2 guardian serpents and 2 nagas.

Vanquished Creatures
  Vashnia (Snake:2)
  Jorgrun (D:15)
  Gastronok (Lair:2)
  Frances (Swamp:1)
  Roxanne (Snake:3)
  A nagaraja (Snake:2)
  An orc warlord (Orc:1)
  Aizul (Snake:1)
  Louise (Snake:3)
  An ironbound preserver (D:13)
  4 bunyips
  A minotaur (Gauntlet)
  3 eleionomae
  A shambling mangrove (Swamp:2)
  A fire dragon (D:12)
  A yaktaur captain (D:12)
  A great orb of eyes (D:15)
  A rakshasa (D:15)
  A salamander tyrant (Snake:2)
  9 naga warriors
  Erolcha (D:10)
  18 hydras
  3 ogre magi
  A ghost crab (Swamp:3)
  2 ice dragons (Swamp:2)
  A boulder beetle (D:15)
  6 centaur warriors
  A merfolk avatar (Lair:6)
  6 anacondas
  5 alligators
  11 death yaks
  12 two-headed ogres
  12 naga sharpshooters
  A tengu warrior (D:13)
  A deep troll earth mage (D:12)
  5 shock serpents
  2 salamander mystics
  Nergalle (D:10)
  2 deep trolls (Orc:1)
  3 naga ritualists
  4 goliath frogs (Swamp:1)
  A sea snake (Snake:1)
  3 bog bodies
  A wizard (D:15)
  3 spriggan druids
  6 swamp dragons
  An orc knight (Orc:2)
  2 deep elf pyromancers
  A necromancer (Gauntlet)
  A harpy (Lair:6)
  7 cyclopes
  4 orc sorcerers
  15 ugly things
  4 mana vipers
  7 will-o-the-wisps
  9 salamanders
  2 manticores (Lair:6)
  Joseph (D:7)
  5 guardian serpents
  32 elephants
  14 naga magi
  2 gargoyles
  Maggie (D:7)
  30 black mambas
  5 rime drakes
  2 torpor snails
  An unseen horror (D:13)
  11 komodo dragons
  19 cane toads
  A demonic crawler (D:15)
  A yaktaur (D:15)
  3 tengu conjurers
  An ice devil (Gauntlet)
  3 meliai (D:13)
  A queen bee (D:13)
  6 polar bears
  10 trolls
  A wind drake (shapeshifter) (D:14)
  A polar bear (shapeshifter) (D:13)
  12 hornets
  A queen bee (shapeshifter) (D:13)
  14 slime creatures
  26 blink frogs
  Grinder (D:4)
  10 tyrant leeches
  18 dream sheep
  Sigmund (D:5)
  A shadow (D:13)
  A centaur simulacrum (D:14)
  3 water elementals (D:15)
  A vampire (D:12)
  10 spriggans
  6 basilisks
  8 wyverns
  2 wraiths
  28 yaks
  A steam dragon (D:7)
  7 swamp worms
  13 vampire mosquitoes
  4 wargs
  Menkaure (D:5)
  A swamp worm (shapeshifter) (D:15)
  39 nagas
  4 acid dragons
  2 hydra simulacra (Swamp:2)
  18 water moccasins
  An ice beast (shapeshifter) (D:15)
  19 orc warriors
  A black bear (D:9)
  28 ogres
  18 centaurs
  8 boggarts
  7 wolves
  A phantom (D:6)
  A kobold brigand (D:6)
  Blork the orc (D:4)
  11 bullfrogs
  A scorpion (D:5)
  2 gnoll sergeants
  A water moccasin skeleton (D:7)
  21 killer bees (D:13)
  4 wights (D:6)
  3 howler monkeys
  3 electric eels (Snake:2)
  6 centaur zombies
  2 hounds
  A bullfrog skeleton (D:3)
  11 orc priests
  Crazy Yiuf (D:7)
  7 hell rats (Lair:4)
  An iguana (D:6)
  26 orc wizards
  Robin (D:4)
  A howler monkey zombie (D:9)
  7 gnolls
  9 adders
  5 white imps
  An adder skeleton (D:4)
  3 worms
  A dart slug (D:2)
  62 orcs
  8 ball pythons
  8 endoplasms
  4 giant cockroaches
  10 goblins
  12 hobgoblins
  6 jackals
  8 kobolds
  5 quokkas
  A ball python zombie (D:3)
  4 bats
  4 frilled lizards
  3 rats
931 creatures vanquished.

Vanquished Creatures (collateral kills)
  3 wolves (Lair:1)
3 creatures vanquished.

Vanquished Creatures (others)
  An alligator (Swamp:4)
  A white imp (D:6)
  A kobold (D:6)
  14 demonic plants (Gauntlet)
  42 foxfires
  45 fungi
  108 plants
212 creatures vanquished.

Grand Total: 1146 creatures vanquished

Notes
Turn   | Place    | Note
-------+----------+-------------------------------------------
     0 | D:1      | raph the Minotaur Fighter began the quest for the Orb.
     0 | D:1      | Reached XP level 1. HP: 19/19 MP: 0/0
   277 | D:1      | Reached XP level 2. HP: 26/26 MP: 1/1
   988 | D:2      | Reached XP level 3. HP: 31/31 MP: 2/2
  1290 | D:2      | Reached skill level 5 in Maces & Flails
  1290 | D:2      | Reached XP level 4. HP: 34/39 MP: 3/3
  2279 | D:3      | Found an ancient bone altar of Kikubaaqudgha.
  2390 | D:3      | Found an ornate altar of the Wu Jian Council.
  2390 | D:3      | Noticed an ogre
  2392 | D:3      | Found a transporter.
  2417 | D:3      | Found a transporter.
  2445 | D:3      | Reached XP level 5. HP: 40/45 MP: 4/4
  3181 | D:4      | Reached XP level 6. HP: 51/51 MP: 5/5
  3193 | D:4      | HP: 2/51 [something (2)]
  3564 | D:4      | Identified the +0 pair of gloves of the Beggar {Drain
                  | Str+7}
  3582 | D:4      | Noticed Grinder
  3600 | D:4      | Paralysed by Grinder for 4 turns
  3606 | D:4      | Killed Grinder
  3607 | D:4      | Reached XP level 7. HP: 31/57 MP: 6/6
  3633 | D:4      | Noticed Robin
  3991 | D:4      | Killed Robin
  4417 | D:4      | Identified the ring "Betwoam" {Will+ Dex+3 Stlth+}
  4460 | D:5      | Entered Level 5 of the Dungeon
  4460 | D:5      | Found Nirphu's Antique Armour Shop.
  4497 | D:5      | Noticed Blork the orc
  4500 | D:5      | Noticed Sigmund
  4524 | D:4      | Killed Blork the orc
  4615 | D:5      | Killed Sigmund
  4616 | D:5      | Reached skill level 10 in Maces & Flails
  4667 | D:5      | Found Ojevyfi's Armour Shoppe.
  4694 | D:5      | Noticed Menkaure
  4702 | D:5      | Killed Menkaure
  4703 | D:5      | Reached XP level 8. HP: 64/64 MP: 7/7
  4722 | D:5      | Found Enlaygg's Antique Weapon Shoppe.
  4866 | D:5      | Found a staircase to the Ecumenical Temple.
  4876 | Temple   | Entered the Ecumenical Temple
  5016 | Temple   | Became a worshipper of Warmaster Okawaru
  5192 | D:5      | Bought a steaming hunting sling for 182 gold pieces
  5192 | D:5      | Identified the +6 hunting sling of Burnt Exoneration
                  | {venom, rElec Will+ Str+3 Int+3} (You bought it in a shop
                  | on level 5 of the Dungeon)
  5688 | D:6      | Found a radiant altar of Vehumet.
  6517 | D:7      | Found Vanlosim's Book Shop.
  6599 | D:7      | Found a large runed translucent door.
  6603 | D:7      | Found a large runed translucent door.
  6709 | D:7      | Noticed Joseph
  6721 | D:7      | Killed Joseph
  6721 | D:7      | Reached * piety under Okawaru
  6722 | D:7      | Reached XP level 9. HP: 59/70 MP: 8/8
  7011 | D:7      | Noticed Maggie
  7025 | D:7      | Killed Maggie
  7025 | D:7      | Reached ** piety under Okawaru
  7201 | D:7      | Found a hide-covered altar of Uskayaw.
  7323 | D:7      | Found a runed translucent door.
  7324 | D:7      | Noticed Crazy Yiuf
  7330 | D:7      | Killed Crazy Yiuf
  7460 | D:7      | Found a glowing golden altar of the Shining One.
  7492 | D:7      | Found a hazy altar of Hepliaklqana.
  7672 | D:8      | Reached skill level 15 in Maces & Flails
  8446 | D:8      | Found a shimmering altar of Xom.
  8747 | D:9      | Noticed a two-headed ogre
  8910 | D:9      | Killed a two-headed ogre
  8910 | D:9      | Reached *** piety under Okawaru
  8911 | D:9      | Reached XP level 10. HP: 49/78 MP: 6/9
  9083 | D:9      | Found a staircase to the Lair.
  9099 | D:9      | Found Fuuf's Antique Weapon Shoppe.
  9100 | D:9      | Reached skill level 5 in Shields
  9100 | D:9      | Found Ameroib's Antique Armour Boutique.
  9192 | D:9      | Reached skill level 5 in Armour
  9339 | D:9      | Found Nalygaon's Weapon Emporium.
  9445 | D:9      | Reached **** piety under Okawaru
  9484 | D:9      | Found a bloodstained altar of Trog.
  9652 | D:9      | Identified the ring of Decidd {rElec rC- Will++ rCorr
                  | Dex+6}
  9744 | D:10     | Entered Level 10 of the Dungeon
  9986 | Lair:1   | Entered Level 1 of the Lair of Beasts
  9993 | Lair:1   | Noticed a black mamba
 10001 | Lair:1   | Killed a black mamba
 10002 | Lair:1   | Reached skill level 5 in Fighting
 10007 | Lair:1   | Reached XP level 11. HP: 63/86 MP: 10/10
 10165 | Lair:1   | Reached skill level 10 in Shields
 10542 | Lair:1   | Reached skill level 1 in Slings
 10666 | Lair:1   | Reached ***** piety under Okawaru
 11796 | Lair:2   | Noticed an oklob plant
 11819 | Lair:2   | Received a gift from Okawaru
 12102 | Lair:2   | Noticed a six-headed hydra
 12110 | Lair:2   | Killed a six-headed hydra
 12322 | Lair:2   | Received a gift from Okawaru
 12631 | Lair:2   | Reached skill level 5 in Slings
 12685 | Lair:2   | Noticed Gastronok
 12702 | Lair:2   | Killed Gastronok
 12703 | Lair:2   | Reached skill level 1 in Invocations
 12703 | Lair:2   | Reached XP level 12. HP: 47/100 MP: 9/11
 13512 | Lair:2   | Found a staircase to the Swamp.
 14357 | Lair:3   | Reached ****** piety under Okawaru
 14497 | Lair:3   | Found a runed translucent gate.
 14497 | Lair:3   | Found a runed translucent gate.
 14498 | Lair:3   | Found a runed translucent gate.
 14505 | Lair:3   | Noticed night's ghost (journeyman DrIE)
 14550 | Lair:3   | Received a gift from Okawaru
 14567 | Lair:3   | Received a gift from Okawaru
 14713 | Lair:3   | Found a staircase to the Snake Pit.
 14908 | Lair:3   | Noticed a six-headed hydra
 14915 | Lair:3   | Killed a six-headed hydra
 14915 | Lair:3   | Received a gift from Okawaru
 15257 | Lair:3   | Noticed an eight-headed hydra
 15265 | Lair:3   | Killed an eight-headed hydra
 15725 | Lair:3   | Reached XP level 13. HP: 86/108 MP: 14/14
 16740 | Lair:4   | Reached skill level 1 in Dodging
 16776 | Lair:4   | Reached skill level 15 in Shields
 17701 | Lair:5   | Received a gift from Okawaru
 17738 | Lair:5   | Found a shimmering altar of Xom.
 17741 | Lair:5   | Found a viscous altar of Jiyva.
 17741 | Lair:5   | Found a staircase to the Slime Pits.
 18157 | Lair:5   | Reached skill level 10 in Armour
 18157 | Lair:5   | Reached skill level 5 in Invocations
 18626 | Slime:1  | Entered Level 1 of the Pits of Slime
 18626 | Slime:1  | Noticed an acid blob
 18636 | Lair:5   | Reached skill level 10 in Fighting
 18659 | Lair:6   | Entered Level 6 of the Lair of Beasts
 18955 | Lair:6   | Received a gift from Okawaru
 19054 | Lair:6   | Reached XP level 14. HP: 121/122 MP: 14/17
 19324 | Lair:6   | Found a shadowy altar of Dithmenos.
 19375 | Lair:6   | Reached skill level 10 in Slings
 19375 | Lair:6   | Reached XP level 15. HP: 129/129 MP: 18/18
 20154 | Lair:6   | Identified the +12 falchion of Gravity {pain, rPois}
 20161 | Lair:6   | Identified the ring "Akosokli" {Wiz rElec Stlth+}
 20630 | D:5      | Bought a glowing plate armour for 650 gold pieces
 20913 | D:10     | Found a basalt altar of Yredelemnul.
 20926 | D:10     | Found a glowing silver altar of Zin.
 20955 | D:10     | Noticed Erolcha
 20980 | D:10     | Killed Erolcha
 21273 | D:10     | Noticed Nergalle
 21283 | D:10     | Killed Nergalle
 21874 | D:11     | Identified the +8 hunting sling of the Extremes {freeze,
                  | Dex+3} (Okawaru gifted it to you on level 11 of the
                  | Dungeon)
 21874 | D:11     | Received a gift from Okawaru
 22113 | D:11     | Found a staircase to the Orcish Mines.
 23214 | D:12     | Found a runed translucent door.
 24877 | Orc:1    | Entered Level 1 of the Orcish Mines
 24904 | Orc:1    | Noticed an orc warlord
 24929 | Orc:1    | Received a gift from Okawaru
 24931 | Orc:1    | Killed an orc warlord
 25294 | Orc:2    | Entered Level 2 of the Orcish Mines
 25294 | Orc:2    | Found Ymehu's Magic Scroll Emporium.
 25357 | Orc:1    | Received a gift from Okawaru
 25580 | Orc:1    | Learned a level 2 spell: Blink
 25917 | Orc:1    | Received a gift from Okawaru
 26057 | Orc:1    | Identified the +2 hat of Hairiness {rC+} (Okawaru gifted it
                  | to you on level 1 of the Orcish Mines)
 26057 | Orc:1    | Received a gift from Okawaru
 26130 | Orc:2    | Reached XP level 16. HP: 126/143 MP: 21/21
 26361 | Orc:2    | Found a staircase to the Elven Halls.
 26578 | Orc:2    | Paralysed by an ogre mage for 4 turns
 26612 | Orc:2    | Found Weiguust's Weapon Shoppe.
 26617 | Orc:2    | Found Luacwudd's Distillery.
 26626 | Orc:2    | Found Peisuv's Book Shoppe.
 26628 | Orc:2    | Bought a potion of heal wounds for 75 gold pieces
 26628 | Orc:2    | Bought a potion of heal wounds for 75 gold pieces
 26628 | Orc:2    | Bought a potion of resistance for 150 gold pieces
 26641 | Orc:2    | Bought a scroll of fear for 42 gold pieces
 27191 | Orc:2    | Learned a level 1 spell: Apportation
 28537 | D:13     | Found a gate to the Vaults.
 28550 | D:13     | Reached skill level 1 in Translocations
 28566 | D:13     | Reached skill level 1 in Spellcasting
 29019 | D:14     | Found a gate leading to a gauntlet.
 29040 | Gauntlet | Entered a Gauntlet
 29040 | Gauntlet | Found a transporter.
 29040 | Gauntlet | Found a transporter.
 29050 | Gauntlet | Found a transporter.
 29053 | Gauntlet | Found a transporter.
 29064 | Gauntlet | Found a transporter.
 29069 | Gauntlet | Found a transporter.
 29072 | Gauntlet | Found a transporter.
 29090 | Gauntlet | Found a transporter.
 29107 | Gauntlet | Found a transporter.
 29110 | Gauntlet | Found a transporter.
 29120 | Gauntlet | Found a transporter.
 29123 | Gauntlet | Found a transporter.
 29278 | Gauntlet | Identified the ring of Jeryj {rPois EV+4}
 29508 | Gauntlet | Identified the +5 fire dragon scales "Fetenesa" {rF++ rC-
                  | Regen+}
 29508 | Gauntlet | Identified the +6 war axe of Attainder {antimagic, rC++
                  | Str+3 Int-5}
 29517 | Gauntlet | Identified the Volume of Gliding Summoning
 30196 | D:14     | Received a gift from Okawaru
 30416 | D:14     | Found Reson's Antique Weapon Shoppe.
 31007 | D:15     | Entered Level 15 of the Dungeon
 31475 | D:15     | Found a hide-covered altar of Uskayaw.
 31601 | D:15     | Found a staircase to the Depths.
 31717 | D:15     | Noticed Jorgrun
 31737 | D:15     | Killed Jorgrun
 31738 | D:15     | Reached skill level 5 in Dodging
 31945 | D:15     | Identified the ring "Wufy" {Ice *Corrode Int+2 Slay+2 SInv}
 32532 | Swamp:1  | Entered Level 1 of the Swamp
 32569 | Swamp:1  | Noticed Frances
 32572 | Swamp:1  | Reached XP level 17. HP: 154/154 MP: 23/23
 32639 | Swamp:1  | Killed Frances
 32722 | Swamp:1  | Reached skill level 15 in Fighting
 32804 | Swamp:1  | Received a gift from Okawaru
 33254 | Swamp:2  | Received a gift from Okawaru
 33400 | Swamp:2  | Reached skill level 1 in Evocations
 33627 | Swamp:2  | Received a gift from Okawaru
 34266 | Swamp:2  | Identified the +2 pair of gloves of Prudence {rF+ Will+
                  | Int+2}
 34705 | Swamp:3  | Received a gift from Okawaru
 35483 | Swamp:4  | Entered Level 4 of the Swamp
 35622 | Swamp:4  | Noticed Bai Suzhen
 35734 | Snake:1  | Entered Level 1 of the Snake Pit
 35767 | Snake:1  | Noticed Aizul
 35782 | Snake:1  | Killed Aizul
 36295 | Snake:1  | Found Utiewan's Book Shop.
 36295 | Snake:1  | Found Veymynol's Jewellery Shoppe.
 36296 | Snake:1  | Found Ovaeqe Jeiq's Book Shop.
 36486 | Snake:2  | Reached skill level 15 in Armour
 36674 | Snake:1  | Reached XP level 18. HP: 166/166 MP: 24/24
 36781 | Snake:2  | Reached skill level 10 in Dodging
 36789 | Snake:2  | Noticed Vashnia
 37064 | Snake:2  | Killed Vashnia
 37064 | Snake:2  | Received a gift from Okawaru
 37092 | Snake:2  | Reached skill level 5 in Evocations
 38103 | Snake:3  | Identified Roxanne's Tome of Transmutation
 38103 | Snake:3  | Noticed Roxanne
 38120 | Snake:3  | Killed Roxanne
 38583 | Snake:3  | Noticed Louise
 38593 | Snake:3  | Killed Louise
 39068 | Snake:4  | Entered Level 4 of the Snake Pit
 39087 | Snake:4  | Mangled by a nagaraja

Illustrated notes

Levels and vault maps discovered:
D:1:      lightli_arrival_farm, layout_loops_ring
D:2:      layout_basic, serial_bayou_lake_a
D:3:      layout_loops_ring, gammafunk_temple_overflow_arena,
          overflow_temple_1_default, kennysheep_generic_room_13
D:4:      layout_basic, uniq_robin, uniq_grinder
D:5:      layout_cave_pools, minmay_temple_entry_drinking_statues, serial_shops,
          shop, shop, shop, uniq_menkaure, uniq_blork_the_orc, uniq_sigmund
D:6:      layout_basic, vehumet_statue, lemuel_old_faithful
D:7:      layout_basic, jmf_multi_god_temple2, kennysheep_mini_moat,
          serial_shops, nicolae_stop_n_shop_2, uniq_crazy_yiuf_cottage,
          uniq_joseph, uniq_maggie
D:8:      layout_loops_corners, pf_just_have_faith
D:9:      layout_rooms, lemuel_coloured_pillars_altar,
          due_lair_maze_entry_diamond, serial_shops, shop_fountains, shop, shop
D:10:     layout_stronghold, amethyst_overflow_temple_binary, uniq_erolcha,
          uniq_nergalle
D:11:     layout_rooms, david_orc_3
D:12:     layout_layer_cave, kennysheep_treasure_room
D:13:     layout_roguey [special_room_bee], skrybe_vaults_entry_preservation
D:14:     layout_layer_cave, serial_bayou_pond_c, serial_shops,
          nicolae_shop_competitors_out_of_business, gauntlet_entry_generic
D:15:     gammafunk_enter_depths_forms, layout_basic,
          nicolae_uskayaw_dance_hall, nicolae_benzene_ring, worms_lemuel,
          uniq_jorgrun
Temple:   nicolae_temple_hex_pool
Lair:1:   layout_layer_cave, infiniplex_staircase_pool, lemuel_fruit_fields,
          grunt_megastairs_4
Lair:2:   layout_regular_city, minmay_swamp_entry_wisps, serial_bayou_shore_b,
          grunt_megastairs_3, serial_bayou_shore_b, minmay_lair_oklob_chamber,
          uniq_gastronok
Lair:3:   cheibrodos_lair_river_kwai, layout_small_grid,
          minmay_snake_entry_guardpost_small, ebering_ghost_rock_garden,
          lemuel_oklob_altar, grunt_megastairs_1, lemuel_fruit_tree
Lair:4:   layout_cave_pods, chequers_serial_rivers_large_a,
          chequers_serial_rivers_small_b, infiniplex_staircase_pool_2,
          serial_bayou_shore_b
Lair:5:   layout_cave_pods, slime_altar_1, basic_altar, serial_bayou_shore_b
Lair:6:   gammafunk_lair_ancient_temple, layout_cave_shapes, basic_altar,
          wad_woods_road_06
Swamp:1:  layout_falls_marsh, evilmike_swamp_ruin_house_3, uniq_frances
Swamp:2:  layout_basic_swamp, nicolae_swamp_orc_logging_accident,
          hangedman_swamp_double_dragon
Swamp:3:  layout_basic_swamp, nicolae_swamp_well_well_well,
          nicolae_swamp_bloodsuckers_inc
Swamp:4:  swamp_icy, layout_basic_swamp, uniq_bai_suzhen
Snake:1:  layout_rooms, minmay_shop_grove, grunt_megastairs_2, uniq_aizul
Snake:2:  layout_misc_corridors, special_room, serial_bayou_shore_a,
          uniq_vashnia
Snake:3:  layout_gridlike, uniq_louise, uniq_roxanne
Snake:4:  grunt_snake_rune_serpentine_throne, layout_cave_town, serial_shops,
          shop
Slime:1:  layout_caves
Orc:1:    layout_diamond_mine
Orc:2:    st_orc_open, layout_caves, nicolae_orc_stony_grotto,
          nicolae_orc_lava_room

Skill      XL: |  1  2  3  4  5  6  7  8  9 10 11 12 13 14 15 16 17 18 |
---------------+-------------------------------------------------------+-----
Maces & Flails | 3 4 5 6 7 9 11 13 16 | 16.0
Fighting       | 4 5 7 8 10 11 13 14 16 | 16.6
Armour         | 4 6 7 8 10 11 12 14 15 | 15.7
Shields        | 4 9 12 14 15 | 15.0
Slings         | 5 7 9 10 12 13 | 13.1
Invocations    | 1 2 5 6 8 9 |  9.8
Dodging        | 2 4 5 9 11 | 11.7
Translocations | 2 3 |  3.3
Spellcasting   | 2 3 |  3.1
Evocations     | 4 6 |  6.0

Action                   |  1- 3 |  4- 6 |  7- 9 | 10-12 | 13-15 | 16-18 || total
-------------------------+-------+-------+-------+-------+-------+-------++-------
Melee: Flail             |    73 |   140 |    24 |       |       |       ||   237
       Headbutt          |     9 |    23 |    57 |   150 |   302 |   345 ||   886
       Morningstar       |       |       |   195 |   451 |   815 |  1001 ||  2462
 Fire: Hunting sling     |       |       |    13 |    79 |   116 |   701 ||   909
 Cast: Apportation       |       |       |       |       |       |     6 ||     6
Invok: Heroism           |       |       |     2 |     6 |    13 |     7 ||    28
       Finesse           |       |       |       |     1 |     2 |     3 ||     6
Evoke: Wand              |       |       |       |       |       |     2 ||     2
       Condenser vane    |       |       |       |       |       |     1 ||     1
  Use: Potion            |       |     3 |       |     1 |     1 |     1 ||     6
       Scroll            |       |       |    16 |     4 |     6 |     5 ||    31
 Stab: Sleeping          |       |       |       |       |       |    10 ||    10
Armor: Scale mail        |    25 |    41 |       |       |       |       ||    66
       Plate armour      |       |     6 |    65 |   110 |   237 |    95 ||   513
       Fire dragon scale |       |       |       |       |       |   282 ||   282
Dodge: Dodged            |    18 |    34 |    17 |    42 |   213 |   303 ||   627
Block: Kite shield       |    48 |   111 |   155 |   406 |   855 |  1070 ||  2645
       Reflection        |       |     1 |    13 |     5 |    54 |    87 ||   160

Table legend: (Time is in decaauts)
 A = Elapsed time spent in this place.
 B = Non-inter-level travel time spent in this place.
 C = Inter-level travel time spent in this place.
 D = Time resting spent in this place.
 E = Time spent auto-exploring this place.
 F = Levels seen in this place.
 G = Mean time per level.
                   A        B        C        D        E       F      G
               +--------+--------+--------+--------+--------+-----+--------+
         Total |  38683 |  36381 |   2302 |  10060 |  19971 |  34 | 1137.7 |
       Dungeon |  18242 |  16757 |   1485 |   4241 |   9809 |  15 | 1216.1 |
        Temple |    170 |    141 |     29 |      0 |     60 |   1 |  170.0 |
          Lair |  10471 |  10122 |    349 |   2907 |   5746 |   6 | 1745.2 |
         Swamp |   3239 |   3067 |    172 |    746 |   1704 |   4 |  809.8 |
     Snake Pit |   3130 |   2955 |    175 |    617 |   1505 |   4 |  782.5 |
    Slime Pits |      1 |      1 |      0 |      0 |      0 |   1 |    1.0 |
  Orcish Mines |   2931 |   2841 |     90 |   1390 |    990 |   2 | 1465.5 |
      Gauntlet |    495 |    495 |      0 |    158 |    156 |   1 |  495.0 |
               +--------+--------+--------+--------+--------+-----+--------+

Top non-repeatable levels by time:
  Lair:1: 2271 daAuts
  Lair:2: 2122 daAuts
  Lair:3: 2086 daAuts
     D:3: 1896 daAuts
   Orc:1: 1722 daAuts
  Lair:6: 1619 daAuts
    D:13: 1525 daAuts
    D:14: 1480 daAuts
     D:8: 1405 daAuts
    D:10: 1356 daAuts
    D:12: 1348 daAuts
    D:15: 1335 daAuts
 Snake:3: 1296 daAuts
 Swamp:3: 1252 daAuts
  Lair:4: 1213 daAuts
